 Dungeon Crawl Stone Soup version 0.28-a0-948-gee6e0bcda6 (webtiles) character file.

Game seed: 7534123839835658637

2408 BinkBink the Cudgeller (level 9, -22/88 HPs)
             Began as a Troll Monk on Nov 30, 2021.
             Was a High Priest of Dithmenos.
             Killed from afar by Maggie (28 damage)
             ... with a bolt of fire
             ... on level 6 of the Dungeon.
             The game lasted 00:12:16 (5469 turns).

BinkBink the Cudgeller (Troll Monk)                 Turns: 5469, Time: 00:12:17

Health: -22/88     AC:  6    Str: 18 (21) XL:     9   Next: 23%
Magic:  8/8        EV: 12    Int:  5 (6)  God:    Dithmenos [*****.]
Gold:   312        SH:  0    Dex: 18 (21) Spells: 8/8 levels left

rFire   . . .      SeeInvis .   a - +0 mace
rCold   . . .      Faith    .   (no shield)
rNeg    + . .      Spirit   .   e - +2 robe {rN+}
rPois   .          Reflect  .   (helmet restricted)
rElec   .          Harm     .   (no cloak)
rCorr   .          Rampage  .   (gloves unavailable)
Will    .....                   (boots unavailable)
Stlth   +++.......              (no amulet)
HPRegen 1.04/turn               d - +6 ring of dexterity
MPRegen 0.11/turn               (no ring)

@: mesmerised, wreathed by umbra
A: large, unfitting armour, claws 3, regeneration 1, shaggy fur 1, tough skin 1
a: Renounce Religion, Shadow Step, Shadow Form


You were on level 6 of the Dungeon.
You worshipped Dithmenos.
Dithmenos was extremely pleased with you.
You visited 1 branch of the dungeon, and saw 6 of its levels.
You also visited: Ossuary.

You collected 312 gold pieces.

Inventory:

Hand Weapons
 a - a +0 mace (weapon)
Armour
 b - a +0 robe
 e - a +2 robe of positive energy (worn)
Jewellery
 d - a +6 ring of dexterity (left claw)
 h - a ring of ice
Wands
 l - a wand of iceblast (9)
Scrolls
 c - 5 scrolls of identify
 k - a scroll of immolation {unknown}
 p - 2 scrolls of fear {unknown}
 q - a scroll of summoning {unknown}
 u - a scroll of enchant armour {unknown}
Potions
 f - a potion of attraction {unknown}
 j - 2 potions of magic
 m - a potion of ambrosia {unknown}
 n - a potion of lignification {unknown}
 o - a potion of might {unknown}
 r - a potion of flight {unknown}
 s - a potion of haste
 t - a potion of curing
 v - a potion of cancellation {unknown}


   Skills:
 + Level 5.0 Fighting
 + Level 7.8 Maces & Flails
 * Level 4.4 Armour
 + Level 5.3 Dodging
 - Level 1.0 Stealth


You had 8 spell levels left.
You didn't know any spells.
Your spell library contained the following spells:

 Spells                   Type           Power      Damage    Failure   Level
 Petrify                  Tmut/Erth      0%         N/A       99%         4
 Metabolic Englaciation   Hex/Ice        0%         N/A       100%        5
 Statue Form              Tmut/Erth      0%         N/A       100%        6


Dungeon Overview and Level Annotations

Branches:
Dungeon (6/15)             Temple (0/1) D:4         Ossuary (visited)

Altars:
Dithmenos
Elyvilon
Gozag
Ru

Shops:
D:5 *

Annotations:
D:2 1 runed translucent door, Crazy Yiuf
D:6 Maggie


Innate Abilities, Weirdness & Mutations

You are too large for most types of armour.
You have claws for hands.
Your natural rate of healing is unusually fast.
You are covered in fur. (AC +1)
You have tough skin. (AC +1)


Message History

Maggie is heavily wounded.
Maggie hits you with a +1 war axe of flaming!
Maggie burns you.
You barely miss Maggie.
Maggie is heavily wounded.
Maggie closely misses you.
You closely miss Maggie.
Maggie is heavily wounded.
Maggie misses you.
You hit Maggie.
Maggie is heavily wounded.
Maggie smiles, but it's obviously fake.
Maggie hits you with a +1 war axe of flaming.
Maggie burns you.
You barely miss Maggie.
Maggie is heavily wounded.
Maggie gestures at you while chanting. The bolt of fire hits you!
You hit Maggie.
Maggie is severely wounded.
Your shadow hits Maggie but does no damage.
Maggie hits you with a +1 war axe of flaming!
Maggie burns you.
* * * LOW HITPOINT WARNING * * *
You hit Maggie.
Maggie is severely wounded.
Maggie casts a spell.
Maggie draws you further into her thrall.
You hit Maggie.
Maggie is severely wounded.
Your shadow misses Maggie. Maggie casts a spell at you.
The bolt of fire hits you!!
* * * LOW HITPOINT WARNING * * *
It was a potion of degeneration.
There was something very wrong with that liquid.
You feel weakened.
You feel dopey.
You feel clumsy. Maggie gestures at you while chanting.
The bolt of fire hits you!!
You die...

.......))..##...######.# #
####.......###### #.#
..?.#######.....### #.#
#.ooo@.........# #.#
...########.#..##############.#
#.###................#
##.#.#.#############.## ##.##@#
###.#. ####@# #...#. #.# #.###.
#.# #.# #. #.# #.# #. #.# #.#
#. #.# #.# #. #.# #.# #. ..#
#.# #. ### #.# #<


You could see Maggie (mesmerising).

Vanquished Creatures
  Prince Ribbit (D:5)
  Grinder (D:4)
  Duvessa (D:4)
  3 black bears
  3 necrophages
  2 ogres (D:4)
  A phantom (D:5)
  4 elf zombies (Ossuary)
  2 scorpions (D:5)
  2 water moccasin skeletons
  Dowan (D:4)
  A gnoll shaman (D:5)
  2 centaur zombies (Ossuary)
  A human zombie (Ossuary)
  A hound (D:3)
  An orc wizard (D:3)
  Natasha (twice) (D:2)
  A scorpion zombie (D:5)
  2 hound zombies
  3 mummies (Ossuary)
  5 gnolls
  10 adders
  A river rat (D:4)
  2 white imps
  2 ufetubi (D:5)
  4 adder zombies (Ossuary)
  An adder skeleton (D:4)
  A worm (D:4)
  6 orcs
  8 ball pythons
  7 bats
  7 endoplasms
  4 giant cockroaches
  2 gnoll zombies (Ossuary)
  12 goblins
  6 hobgoblins
  3 quokkas
  3 frilled lizards
  3 goblin zombies (Ossuary)
  2 hobgoblin zombies (Ossuary)
  2 jackal zombies (Ossuary)
  4 kobolds
  4 kobold zombies (Ossuary)
  3 orc zombies (Ossuary)
  3 quokka zombies (Ossuary)
  9 rats
  4 rat zombies (Ossuary)
153 creatures vanquished.

Vanquished Creatures (others)
  4 orcs (D:6)
  7 plants (D:3)
11 creatures vanquished.

Grand Total: 164 creatures vanquished

Notes
Turn   | Place    | Note
-------+----------+-------------------------------------------
     0 | D:1      | BinkBink the Troll Monk began the quest for the Orb.
     0 | D:1      | Reached XP level 1. HP: 22/22 MP: 0/0
   160 | D:1      | Found a faded altar of an unknown god.
   220 | D:1      | Prayed at the altar of an unknown god.
   220 | D:1      | Became a worshipper of Dithmenos the Shadowed
   220 | D:1      | Reached * piety under Dithmenos
   220 | D:1      | Reached ** piety under Dithmenos
   252 | D:1      | Reached XP level 2. HP: 29/29 MP: 1/1
   321 | D:1      | Reached *** piety under Dithmenos
   384 | D:1      | You fall into a shaft and drop 1 floor!
   437 | D:2      | Reached skill level 3 in Maces & Flails
   654 | D:2      | Reached XP level 3. HP: 32/36 MP: 2/2
   765 | D:2      | Reached skill level 1 in Armour
   998 | D:2      | Noticed Natasha
  1005 | D:2      | Killed Natasha
  1006 | D:2      | Reached XP level 4. HP: 33/44 MP: 3/3
  1042 | D:2      | Noticed Natasha
  1069 | D:2      | Found a runed translucent door.
  1070 | D:2      | Noticed Crazy Yiuf
  1183 | D:2      | Killed Natasha
  2120 | D:3      | Reached XP level 5. HP: 52/52 MP: 4/4
  2231 | D:3      | Reached skill level 4 in Maces & Flails
  2418 | D:3      | Found a white marble altar of Elyvilon.
  2607 | D:4      | Found a sacrificial altar of Ru.
  2662 | D:4      | Noticed a black bear
  2663 | D:4      | Found a sand-covered staircase.
  2668 | Ossuary  | Entered an ossuary
  2686 | Ossuary  | Reached **** piety under Dithmenos
  2759 | Ossuary  | Reached XP level 6. HP: 25/61 MP: 5/5
  2920 | Ossuary  | Reached skill level 5 in Maces & Flails
  2942 | Ossuary  | Reached XP level 7. HP: 65/67 MP: 6/6
  3305 | D:4      | Reached skill level 6 in Maces & Flails
  3313 | D:4      | Found a staircase to the Ecumenical Temple.
  3461 | D:4      | Found an opulent altar of Gozag.
  3522 | D:4      | Noticed Duvessa
  3523 | D:4      | Noticed Dowan
  3574 | D:4      | Reached XP level 8. HP: 64/78 MP: 7/7
  3627 | D:4      | Killed Duvessa
  3627 | D:4      | Reached ***** piety under Dithmenos
  3727 | D:4      | Noticed Grinder
  3756 | D:4      | Paralysed by Grinder for 5 turns
  3768 | D:4      | Killed Grinder
  4294 | D:4      | Killed Dowan
  4365 | D:5      | Entered Level 5 of the Dungeon
  4528 | D:5      | Reached skill level 7 in Maces & Flails
  4643 | D:4      | Reached skill level 5 in Dodging
  4784 | D:5      | Noticed Prince Ribbit
  4789 | D:5      | Reached XP level 9. HP: 82/85 MP: 8/8
  4817 | D:5      | Killed Prince Ribbit
  5148 | D:5      | Found Ulumem's Assorted Antiques.
  5321 | D:6      | Reached skill level 5 in Fighting
  5336 | D:6      | Noticed Maggie
  5469 | D:6      | Killed from afar by Maggie

Illustrated notes

Levels and vault maps discovered:
D:1:      matt_arrival_diagonals, layout_basic, chequers_ecumenical_altar_simple
D:2:      layout_loops_ring, st_stairs_1,
          nicolae_concentric_dashed_squares_wild, uniq_natasha,
          uniq_crazy_yiuf_cottage
D:3:      layout_basic, nicolae_elyvilon_temple_path
D:4:      layout_layer_cave, mainiacjoe_overflow_24_doors,
          nicolae_ru_great_annihilating_truth, minmay_temple_entry_antechambers,
          portal_sewer_entry_b, lightli_ossuary_entry_decrepit_ruins,
          minmay_misc_feat_tiny, st_stairs_13, uniq_grinder, uniq_duvessa
D:5:      layout_cave_pools, grunt_ministairs_12, nicolae_take_the_stairs,
          minmay_circle_x, uniq_prince_ribbit1
D:6:      layout_loops_ring, mainiacjoe_overflow_concentric_impassable,
          serial_shops, kennysheep_mini, kennysheep_generic_room_12, uniq_maggie

Skill      XL: |  1  2  3  4  5  6  7  8  9 |
---------------+----------------------------+-----
Maces & Flails | 3 4 5 6 7 |  7.8
Armour         | 1 2 3 4 |  4.4
Dodging        | 3 4 5 |  5.3
Fighting       | 3 4 5 |  5.0
Stealth        | |  1.0

Action                   |  1- 3 |  4- 6 |  7- 9 || total
-------------------------+-------+-------+-------++-------
Melee: Mace              |   114 |   251 |   403 ||   768
  Use: Scroll            |       |       |     3 ||     3
       Potion            |       |       |     2 ||     2
 Stab: Sleeping          |     7 |    11 |    10 ||    28
       Invisible         |       |     1 |       ||     1
       Paralysed         |       |     1 |       ||     1
Armor: Robe              |    37 |   101 |   116 ||   254
Dodge: Dodged            |    75 |   179 |   360 ||   614

Table legend: (Time is in decaauts)
 A = Elapsed time spent in this place.
 B = Non-inter-level travel time spent in this place.
 C = Inter-level travel time spent in this place.
 D = Time resting spent in this place.
 E = Time spent auto-exploring this place.
 F = Levels seen in this place.
 G = Mean time per level.
                   A        B        C        D        E       F      G
               +--------+--------+--------+--------+--------+-----+--------+
         Total |   5577 |   5327 |    250 |      0 |   3428 |   7 |  796.7 |
       Dungeon |   5087 |   4837 |    250 |      0 |   3385 |   6 |  847.8 |
       Ossuary |    490 |    490 |      0 |      0 |     43 |   1 |  490.0 |
               +--------+--------+--------+--------+--------+-----+--------+

Top non-repeatable levels by time:
     D:4: 1608 daAuts
     D:2: 1022 daAuts
     D:1: 882 daAuts
     D:5: 703 daAuts
     D:3: 614 daAuts
 Ossuary: 490 daAuts
     D:6: 256 daAuts
